 Dungeon Crawl Stone Soup version 0.25-a0-36-g303dd5b1f4 (webtiles) character file.

Game seed: 12438963174740158940, levelgen mode: deterministic

36 Gynju the Firebug (level 3, -7/19 HPs)
             Began as a Deep Elf Fire Elementalist on Oct 20, 2019.
             Mangled by a gnoll
             ... wielding a +0 club
              (8 damage)
             ... on level 2 of the Dungeon.
             The game lasted 00:01:10 (1331 turns).

Gynju the Firebug (Deep Elf Fire Elementalist)      Turns: 1331, Time: 00:01:10

Health: -7/19      AC:  2    Str:  5    XL:     3   Next: 19%
Magic:  3/10       EV: 13    Int: 20    God:
Gold:   77         SH:  0    Dex: 15    Spells: 8/9 levels left

rFire    . . .     SeeInvis .   (no weapon)
rCold    . . .     Gourm    .   (no shield)
rNeg     . . .     Faith    .   a - +0 robe
rPois    .         Spirit   .   (no helmet)
rElec    .         Reflect  .   (no cloak)
rCorr    .         Harm     .   (no gloves)
MR       .....                  (no boots)
Stlth    ++........             (no amulet)
HPRegen  0.06/turn              (no ring)
MPRegen  0.12/turn              (no ring)

@: no status effects
A: no striking features
a: no special abilities


You were on level 2 of the Dungeon.
You were not hungry.

You visited 1 branch of the dungeon, and saw 2 of its levels.

You collected 77 gold pieces.

Inventory:

Armour
 a - a +0 robe (worn)
Scrolls
 g - a scroll of immolation {unknown}
 h - 3 scrolls of identify {unknown}
Potions
 d - 2 potions of magic {unknown}
 e - 2 potions of heal wounds {unknown}
 f - a potion of haste {unknown}
Comestibles
 c - 2 rations


   Skills:
 + Level 3.0 Dodging
 - Level 2.4 Stealth
 + Level 3.6 Spellcasting
 + Level 1.9 Conjurations
 + Level 3.7 Fire Magic


You had 8 spell levels left.
You knew the following spells:

 Your Spells              Type           Power        Failure   Level  Hunger
a - Flame Tongue          Conj/Fire      ##...        4%          1    None

Your spell library contained the following spells:

 Spells                   Type           Power        Failure   Level  Hunger
 Throw Flame              Conj/Fire      ##....       6%          2    ##.....
 Conjure Flame            Conj/Fire      ##......     13%         3    ###....
 Inner Flame              Hex/Fire       ##......     19%         3    ###....
 Sticky Flame             Conj/Fire      ##......     38%         4    ####...
 Fireball                 Conj/Fire      ##........   75%         5    ######.


Dungeon Overview and Level Annotations

Branches:
Dungeon (2/15)

Altars:


Message History

Casting: Flame Tongue (safe; 4% risk of failure)
Confirm with . or Enter, or press ? or * to list all spells.
Aiming: Flame Tongue (safe; 4% risk of failure)
Press: ? - help, Shift-Dir - straight line, f/p - gnoll
Aim: a gnoll, wielding a +0 spear (severely wounded)
The flame tongue misses the gnoll.
The flame tongue hits the gnoll but does no damage.
The gnoll is severely wounded.
The gnoll barely misses you.
The gnoll hits you from afar with a +0 spear.
* * * LOW HITPOINT WARNING * * *
Casting: Flame Tongue (safe; 4% risk of failure)
Confirm with . or Enter, or press ? or * to list all spells.
Aiming: Flame Tongue (safe; 4% risk of failure)
Press: ? - help, Shift-Dir - straight line, f/p - gnoll
Aim: a gnoll, wielding a +0 spear (severely wounded)
The flame tongue hits the gnoll.
The gnoll is heavily wounded.
The gnoll hits you with a +0 club!
You die...

. .. ...
g... .....
#####g...$.
#..@g......
#.###......
#.# #....
#.# #..
###### #.# #
#....# #.#
#.##.# #.#
#######.##.#
#.#
#....<.....#
#.#
#.##########


You could see 3 gnolls.

Vanquished Creatures
  3 dart slugs (D:1)
  5 goblins (D:1)
  4 hobgoblins (D:1)
  4 kobolds (D:1)
  A quokka (D:2)
  5 bats (D:1)
  4 frilled lizards
  5 rats (D:1)
31 creatures vanquished.

Notes
Turn   | Place    | Note
-------+----------+-------------------------------------------
     0 | D:1      | Gynju the Deep Elf Fire Elementalist began the quest for
                  | the Orb.
     0 | D:1      | Reached XP level 1. HP: 10/10 MP: 6/6
   125 | D:1      | Reached XP level 2. HP: 11/15 MP: 4/8
   805 | D:1      | Reached XP level 3. HP: 19/19 MP: 8/10
  1331 | D:2      | Mangled by a gnoll

Levels and vault maps discovered:
D:1:      sevenhm_arrival_forest_fort_small_6, layout_basic,
          hangedman_decor_growths, minmay_tromino_v7
D:2:      layout_basic, kennysheep_ying_yang, nicolae_overflow_crystal_walls,
          fedhas_altar_2

Skill      XL: |  1  2 |
---------------+-------+-----
Dodging        | 3 |  3.0
Stealth        | |  2.4
Spellcasting   | |  3.6
Conjurations   | |  1.9
Fire Magic     | |  3.7

Action                   || total
-------------------------++-------
Melee: Unarmed           ||     2
 Cast: Flame Tongue      ||    54
  Eat: Chunk             ||     1
Armor: Robe              ||     1
Dodge: Dodged            ||    15

Table legend:
 A = Non-vault XP
 B = Vault XP
 C = Vault XP percentage of total XP
 D = Non-vault monster count
 E = Vault monster count
 F = Vault count percentage of total count
                 A         B        C        D         E       F
            +---------+---------+-------+---------+---------+-------
      Total |      43 |       9 |  17.3 |      28 |       3 |   9.7
            +---------+---------+-------+---------+---------+-------
        D:1 |      40 |       9 |  18.4 |      26 |       3 |  10.3
        D:2 |       3 |       0 |   0.0 |       2 |       0 |   0.0
            +---------+---------+-------+---------+---------+-------
